 Dungeon Crawl Stone Soup version 0.19.1-1-g22dce08 (webtiles) character file.

5462 Mefis the Thaumaturge (level 10, -11/56 HPs)
             Began as a Deep Elf Wizard on Dec 31, 2016.
             Was a Follower of Sif Muna.
             Mangled by an orc warrior
             ... wielding a +0 scimitar
              (26 damage)
             ... on level 10 of the Dungeon.
             The game lasted 00:31:37 (12502 turns).

Mefis the Thaumaturge (Deep Elf Wizard)            Turns: 12502, Time: 00:31:38

Health: -11/56     AC:  5    Str:  4    XL:     10   Next: 41%
Magic:  22/26      EV: 15    Int: 33    God:    Sif Muna [*.....]
Gold:   506        SH:  0    Dex: 13    Spells: 11 memorised, 4 levels left

rFire  . . .     SeeInvis .     j - +2 hunting sling of the Median {velocity, Int+6}
rCold  . . .     Gourm    .     z - +0 robe
rNeg   . . .     Faith    .     (no shield)
rPois  .         Spirit   .     K - +0 helmet
rElec  .         Reflect  .     (no cloak)
rCorr  .         Harm     .     g - +0 pair of gloves
MR     +....                    G - +0 pair of boots
Stlth  ++++......               (no amulet)
                                (no ring)
                                (no ring)

@: repel missiles
A: no striking features
a: Divine Energy, Renounce Religion


You were on level 10 of the Dungeon.
You worshipped Sif Muna.
Sif Muna was aware of your devotion.
You were not hungry.

You visited 3 branches of the dungeon, and saw 12 of its levels.

You collected 506 gold pieces.

Inventory:

Hand Weapons
 a - the +9 dagger "Elf's Bane" {protect, rElec rPois rC+++ Dex-4}
   (You found it on level 4 of the Dungeon)

   It protects the one who uses it against injury (+AC on strike).
   It affects your dexterity (-4).
   It renders you almost immune to cold.
   It insulates you from electricity.
   It protects you from poison.
 f - a +0 hunting sling
 j - the +2 hunting sling of the Median (weapon) {velocity, Int+6}
   (You found it on level 1 of the Lair of Beasts)

   Any stone fired from it inflicts extra damage.
   It affects your intelligence (+6).
Missiles
 m - 13 sling bullets (quivered)
 E - 5 poisoned javelins
Armour
 g - a +0 pair of gloves (worn)
 z - a +0 robe (worn)
 A - a +0 buckler
 G - a +0 pair of boots (worn)
 K - a +0 helmet (worn)
Rods
 b - a +0 rod of ignition (9/9)
   (You found it on level 9 of the Dungeon)
 e - a +0 rod of shadows (13/13)
   (You found it on level 10 of the Dungeon)
Wands
 C - a wand of acid (9/15)
 L - a wand of lightning (9/15)
 T - a wand of digging (7/24)
Scrolls
 h - a scroll of immolation
 i - 3 scrolls of remove curse
 q - 8 scrolls of teleportation
 t - 3 scrolls of magic mapping
Potions
 p - 5 potions of heal wounds
Books
 c - a book of Minor Magic

   Spells                             Type                      Level
   a - Magic Dart                     Conjuration                  1
   b - Blink                          Translocation                2
   c - Call Imp                       Summoning                    2
   d - Repel Missiles                 Charms/Air                   2
   e - Slow                           Hexes                        2
   f - Conjure Flame                  Conjuration/Fire             3
   g - Mephitic Cloud                 Conjuration/Poison/Air       3
 S - a book of Changes

   Spells                             Type                      Level
   a - Beastly Appendage              Transmutation                1
   b - Sticks to Snakes               Transmutation                2
   c - Spider Form                    Transmutation/Poison         3
   d - Ice Form                       Ice/Transmutation            4
   e - Blade Hands                    Transmutation                5
 V - a book of Necromancy

   Spells                             Type                      Level
   a - Pain                           Necromancy                   1
   b - Animate Skeleton               Necromancy                   1
   c - Vampiric Draining              Necromancy                   3
   d - Regeneration                   Charms/Necromancy            3
   e - Animate Dead                   Necromancy                   4
   f - Control Undead                 Necromancy                   4
 X - a book of Cantrips

   Spells                             Type                      Level
   a - Confusing Touch                Hexes                        1
   b - Animate Skeleton               Necromancy                   1
   c - Summon Small Mammal            Summoning                    1
   d - Apportation                    Translocation                1
 Z - a book of Transfigurations

   Spells                             Type                      Level
   a - Irradiate                      Conjuration/Transmutation    5
   b - Statue Form                    Transmutation/Earth          6
   c - Hydra Form                     Transmutation                6
   d - Dragon Form                    Transmutation                7
Miscellaneous
 k - a lamp of fire
Comestibles
 d - 8 bread rations
 l - 4 meat rations
 J - 4 fruits
 O - 5 beef jerkies
 P - 7 slices of pizza


   Skills:
 + Level 3.9 Fighting
 + Level 6.2 Dodging
 + Level 7.4 Stealth
 + Level 3.7 Shields
 * Level 10.2 Spellcasting
 + Level 4.7 Conjurations
 + Level 5.6 Hexes
 - Level 1.7 Charms
 - Level 1.8 Summonings
 * Level 2.6 Necromancy
 - Level 1.3 Translocations
 + Level 1.0 Transmutations
 + Level 4.0 Air Magic
 - Level 3.2 Poison Magic
 + Level 3.5 Evocations


You had 4 spell levels left.
You knew the following spells:

 Your Spells              Type           Power        Failure   Level  Hunger
a - Magic Dart            Conj           ####         1%          1    None
b - Call Imp              Summ           ####....     1%          2    None
c - Blink                 Tloc           N/A          2%          2    None
d - Irradiate             Conj/Tmut      #####.....   28%         5    ###....
e - Mephitic Cloud        Conj/Pois/Air  #####...     1%          3    None
f - Conjure Flame         Conj/Fire      ####....     3%          3    None
g - Slow                  Hex            ######..     1%          2    None
m - Animate Skeleton      Necr           N/A          1%          1    None
o - Repel Missiles        Chrm/Air       #####.       1%          2    None
p - Regeneration          Chrm/Necr      ####......   3%          3    None
s - Pain                  Necr           ####         1%          1    None


Dungeon Overview and Level Annotations

Branches:
Dungeon (10/15)            Temple (1/1) D:7            Lair (1/6) D:9
    Orc: D:9-12

Altars:
Ashenzari
Cheibriados
Dithmenos
Elyvilon
Fedhas
Gozag
Hepliaklqana
Kikubaaqudgha
Makhleb
Nemelex Xobeh
Okawaru
Qazlal
Ru
Sif Muna
Trog
Uskayaw
Vehumet
Xom
Yredelemnul
Zin
The Shining One

Shops:
D:5 }

Annotations:
D:5 rods 1000


Message History

The orc warrior shouts!
The sling bullet hits the hill giant zombie!
The hill giant zombie is moderately damaged.
The hill giant zombie is engulfed in roaring flames.
The hill giant zombie barely misses you.
Firing (i - inventory. (,) - cycle):
m - 14 sling bullets (quivered)
Press: ? - help, Shift-Dir - straight line, f/p - hill giant zombie
Aim: a hill giant zombie (flame, heavily damaged)
You shoot a sling bullet.
The sling bullet hits the hill giant zombie.
The hill giant zombie is heavily damaged.
The hill giant zombie is engulfed in roaring flames.
The hill giant zombie hits you!!
* * * LOW HITPOINT WARNING * * *
Casting: Conjure Flame
Confirm with . or Enter, or press ? or * to list all spells.
You blink.
A phantom comes into view.
The orc warrior hits you with a scimitar!!
You die...

####.......# #^##.......#
#ยง##Z......#
#Z##.......# #Z##.......#
#.##.......##..###.
#...W.(....##......
#o.........##......
####.@........##......
.....((((........##......
...>.....................
....(........##..........
..#####......##......)...
. #......##..##......
#......##..##......
#......##..##......
#......##..##...[..


You could see a phantom, an orc warrior, a hobgoblin zombie and a hill giant
zombie.

Vanquished Creatures
  Pikel (D:5)
  The ghost of Slime the Changer, a novice NaTm of Sif Muna (D:6)
  A komodo dragon (Lair:1)
  2 hippogriffs
  2 yaks (D:9)
  A human (D:7)
  4 hogs (D:7)
  A hungry ghost (D:9)
  Menkaure (D:5)
  2 ice beasts
  2 orc warriors
  A hornet zombie (D:7)
  A sky beast (D:6)
  3 necrophages (D:8)
  2 ogres
  A centaur (D:6)
  A crocodile (D:9)
  6 bullfrogs
  A big kobold (D:9)
  3 scorpions
  3 howler monkeys
  2 bullfrog zombies
  4 crimson imps
  A quasit (D:4)
  5 hounds
  2 jellies
  6 orc priests
  7 orc wizards
  2 iguanas
  4 worker ants
  A worker ant zombie (D:6)
  3 gnolls (D:2)
  10 adders
  3 river rats (D:9)
  3 shadow imps
  An ooze (D:2)
  3 adder zombies
  An adder skeleton (D:8)
  3 worms
  7 dart slugs
  2 leopard geckos (D:3)
  29 orcs
  14 bats
  4 giant cockroaches
  9 goblins
  6 hobgoblins
  10 jackals
  5 quokkas
  2 ball pythons (D:2)
  4 frilled lizards
  A hobgoblin skeleton (D:10)
  9 kobolds
  2 leopard gecko skeletons
  3 orc zombies (D:10)
  A quokka zombie (D:8)
  16 rats
225 creatures vanquished.

Vanquished Creatures (collateral kills)
  A worker ant (D:9)
  A gnoll (D:2)
  2 orcs
  A giant cockroach (D:1)
  A hobgoblin (D:1)
  A bat (D:9)
  A frilled lizard (D:1)
  2 rats
10 creatures vanquished.

Vanquished Creatures (others)
  An ogre (D:5)
  An orc priest (D:5)
  A worker ant (D:5)
  3 adders (D:5)
  A shadow imp (D:5)
  2 orcs (D:5)
9 creatures vanquished.

Grand Total: 244 creatures vanquished

Notes
Turn   | Place    | Note
-------+----------+-------------------------------------------
     0 | D:1      | Mefis the Deep Elf Wizard began the quest for the Orb.
     0 | D:1      | Reached XP level 1. HP: 10/10 MP: 7/7
   263 | D:1      | Reached XP level 2. HP: 11/16 MP: 0/9
   585 | D:1      | Learned a level 2 spell: Call Imp
   588 | D:1      | Learned a level 2 spell: Blink
   591 | D:1      | Learned a level 2 spell: Repel Missiles
   895 | D:1      | Reached skill level 1 in Fighting
  1110 | D:1      | Reached skill level 5 in Spellcasting
  1110 | D:1      | Reached XP level 3. HP: 20/20 MP: 6/11
  1115 | D:1      | Learned a level 3 spell: Mephitic Cloud
  2106 | D:2      | Reached XP level 4. HP: 25/25 MP: 0/13
  2400 | D:2      | Learned a level 3 spell: Conjure Flame
  3042 | D:3      | Reached skill level 1 in Poison Magic
  3042 | D:3      | Reached XP level 5. HP: 18/29 MP: 2/15
  3046 | D:3      | Learned a level 2 spell: Slow
  3222 | D:3      | Found a shattered altar of Ashenzari.
  3553 | D:3      | Reached skill level 1 in Air Magic
  3628 | D:3      | Reached skill level 1 in Hexes
  3887 | D:4      | Found a sacrificial altar of Ru.
  4068 | D:4      | Got a scorched dagger
  4078 | D:4      | Identified the +9 dagger "Elf's Bane" {protect, rElec rPois rC+++ Dex-4} (You found it on level 4 of the Dungeon)
  4175 | D:4      | Reached skill level 6 in Spellcasting
  4372 | D:4      | Found a blossoming altar of Fedhas.
  4534 | D:4      | Reached XP level 6. HP: 34/34 MP: 3/17
  5431 | D:5      | Entered Level 5 of the Dungeon
  5489 | D:5      | Noticed an ice beast
  5509 | D:5      | Killed an ice beast
  5509 | D:5      | Reached XP level 7. HP: 40/40 MP: 0/19
  5640 | D:5      | Found Hasos's Gadget Shoppe.
  5998 | D:5      | Found a basalt altar of Yredelemnul.
  5999 | D:5      | Noticed Pikel
  6015 | D:5      | Killed Pikel
  6015 | D:5      | Reached skill level 5 in Stealth
  6015 | D:5      | Reached skill level 1 in Shields
  6015 | D:5      | Reached skill level 7 in Spellcasting
  6015 | D:5      | Reached XP level 8. HP: 45/45 MP: 9/21
  6129 | D:5      | Found a bloodstained altar of Trog.
  6288 | D:5      | Noticed Menkaure
  6304 | D:5      | Killed Menkaure
  7214 | D:6      | Noticed Slime's ghost (novice NaTm)
  7258 | D:6      | Killed Slime's ghost
  7258 | D:6      | Reached skill level 5 in Dodging
  7258 | D:6      | Reached skill level 8 in Spellcasting
  7695 | D:6      | Found a glowing silver altar of Zin.
  7758 | D:6      | Noticed a hippogriff
  7780 | D:6      | Killed a hippogriff
  7909 | D:6      | Reached skill level 1 in Evocations
  7909 | D:6      | Reached XP level 9. HP: 42/50 MP: 18/23
  8544 | D:6      | Reached skill level 9 in Spellcasting
  8548 | D:6      | Found a sacrificial altar of Ru.
  8741 | D:7      | Reached skill level 5 in Hexes
  9032 | D:7      | Found a shimmering altar of Xom.
  9366 | D:7      | Found a staircase to the Ecumenical Temple.
  9473 | Temple   | Entered the Ecumenical Temple
  9681 | Temple   | Became a worshipper of Sif Muna the Loreminder
  9907 | D:7      | Found an opulent altar of Gozag.
  9988 | D:8      | Reached skill level 1 in Charms
 10460 | D:8      | Reached XP level 10. HP: 43/56 MP: 9/25
 10588 | D:8      | Learned a level 3 spell: Regeneration
 10590 | D:8      | Learned a level 1 spell: Pain
 11054 | D:9      | Reached skill level 10 in Spellcasting
 11077 | D:9      | Learned a level 1 spell: Animate Skeleton
 11115 | D:9      | Reached * piety under Sif Muna
 11158 | D:9      | Found a shadowy altar of Dithmenos.
 11180 | D:9      | Reached skill level 1 in Necromancy
 11340 | D:9      | Learned a level 5 spell: Irradiate
 11340 | D:9      | Identified a +0 rod of ignition (9/9) (You found it on level 9 of the Dungeon)
 11411 | D:9      | Found an iron altar of Okawaru.
 11617 | D:9      | Found a hazy altar of Hepliaklqana.
 11795 | D:9      | Found a staircase to the Lair.
 11881 | D:10     | Entered Level 10 of the Dungeon
 11895 | D:10     | Identified a +0 rod of shadows (13/13) (You found it on level 10 of the Dungeon)
 11934 | Lair:1   | Entered Level 1 of the Lair of Beasts
 12132 | Lair:1   | Reached skill level 1 in Transmutations
 12180 | Lair:1   | Got an encrusted hunting sling
 12182 | Lair:1   | Identified the +2 hunting sling of the Median {velocity, Int+6} (You found it on level 1 of the Lair of Beasts)
 12502 | D:10     | Mangled by an orc warrior

Skill      XL: |  1  2  3  4  5  6  7  8  9 10 |
---------------+-------------------------------+-----
Fighting       | 1 2 3 |  3.9
Spellcasting   | 5 6 7 8 9 10 | 10.2
Stealth        | 3 4 5 6 7 |  7.4
Dodging        | 3 4 5 6 |  6.2
Poison Magic   | 1 2 3 |  3.2
Air Magic      | 1 2 3 4 |  4.0
Hexes          | 1 2 3 4 5 |  5.6
Conjurations   | 2 3 4 |  4.7
Shields        | 1 2 3 |  3.7
Evocations     | 1 2 3 |  3.5
Charms         | 1 |  1.7
Necromancy     | 2 |  2.6
Transmutations | 1 |  1.0
Summonings     | |  1.8
Translocations | |  1.3

Action                   |  1- 3 |  4- 6 |  7- 9 | 10-12 || total
-------------------------+-------+-------+-------+-------++-------
Melee: Dagger            |    12 |    42 |   124 |    74 ||   252
       Rapier            |       |     9 |       |       ||     9
 Fire: Hunting sling     |       |       |       |    14 ||    14
Throw: Javelin           |       |       |    10 |       ||    10
 Cast: Magic Dart        |   109 |   148 |   220 |    36 ||   513
       Repel Missiles    |     2 |       |     1 |       ||     3
       Call Imp          |     2 |     5 |     4 |       ||    11
       Mephitic Cloud    |     1 |     4 |    17 |    11 ||    33
       Conjure Flame     |       |     2 |     9 |     4 ||    15
       Slow              |       |       |     1 |       ||     1
       Blink             |       |       |     3 |     2 ||     5
       Pain              |       |       |       |    64 ||    64
       Animate Skeleton  |       |       |       |     8 ||     8
Evoke: Rod               |       |       |       |     1 ||     1
  Use: Scroll            |       |       |     8 |     1 ||     9
 Stab: Sleeping          |       |     4 |     3 |     2 ||     9
       Confused          |       |       |     3 |     5 ||     8
  Eat: Chunk             |     3 |    10 |     6 |     7 ||    26
       Meat ration       |       |       |     2 |       ||     2
Armor: Robe              |    11 |    14 |    33 |    24 ||    82
Dodge: Dodged            |    28 |    38 |    95 |    79 ||   240
       Deflected         |     2 |     3 |     1 |     2 ||     8
